 Dungeon Sprint DCSS version 0.29.1-15-g9cfb28693d (webtiles) character file.

Game seed: 3071552474877807998

806 Groucho the Protected (level 7, 0/51 HPs)
             Began as a Gargoyle Fighter on Apr 30, 2023.
             Was a Believer of Cheibriados.
             Slain by a fire elemental (3 damage)
             ... summoned by a deep elf pyromancer
             ... in the Dungeon (Sprint III: "The Ten Rune Challenge").
             The game lasted 00:03:52 (1127 turns).

Groucho the Protected (Gargoyle Fighter)            Turns: 1127, Time: 00:03:53

Health: 0/51       AC: 17    Str: 23    XL:     7   Next: 91%
Magic:  9/12       EV:  9    Int: 13    God:    Cheibriados [**....]
Gold:   9          SH:  6    Dex: 15    Spells: 6/6 levels left

rFire   + . .      SeeInvis .   a - +0 flail
rCold   . . .      Faith    .   c - +0 buckler
rNeg    + . .      Spirit   .   b - +0 scale mail
rPois   ∞          Reflect  .   (no helmet)
rElec   +          Harm     .   f - +2 cloak {Will+}
rCorr   .          Rampage  .   (no gloves)
Will    +....      NoTele   +   (no boots)
Stlth   ..........              (no amulet)
HPRegen 0.97/turn               (no ring)
MPRegen 0.13/turn               (no ring)

@: brilliant, flying, very slow
A: sickness immunity, AC +4, negative energy resistance 1, electricity
resistance, torment resistance 1, petrification resistance, fire resistance 1,
regeneration 1, shaggy fur 1
a: Renounce Religion, Bend Time


You were in the Dungeon.
You worshipped Cheibriados.
Cheibriados was pleased with you.
You visited 1 branch You collected 9 gold pieces.

Inventory:

Hand Weapons
 a - a +0 flail (weapon)
Armour
 b - a +0 scale mail (worn)
 c - a +0 buckler (worn)
 f - a +2 cloak of willpower (worn)
Wands
 d - a wand of iceblast (8)
Scrolls
 i - 2 scrolls of poison {unknown}
 k - a scroll of enchant armour {unknown}
 l - 2 scrolls of identify {unknown}
Potions
 g - a potion of haste
 h - 2 potions of magic
 o - 4 potions of mutation


   Skills:
 + Level 9.1 Fighting
 + Level 8.0 Maces & Flails
 + Level 9.1 Armour
 + Level 9.1 Shields
 + Level 7.3 Invocations


You had 6 spell levels left.
You didn't know any spells.
Your spell library contained the following spells:

 Spells                   Type           Power      Damage    Failure   Level
 Sandblast                Erth           0%         2d4       63%         1
 Passwall                 Tmut/Erth      0%         N/A       77%         2
 Gell's Gravitas          Tloc           0%         N/A       94%         3
 Lesser Beckoning         Tloc           0%         N/A       94%         3
 Stone Arrow              Conj/Erth      0%         3d7       94%         3
 Teleport Other           Tloc           0%         N/A       94%         3


Dungeon Overview and Level Annotations

Branches:
Dungeon (1/1)

Altars:
Cheibriados
Dithmenos
Elyvilon
Fedhas
Gozag
Hepliaklqana
Kikubaaqudgha
Makhleb
Nemelex Xobeh
Okawaru
Qazlal
Ru
Sif Muna
Trog
Uskayaw
Vehumet
Wu Jian
Xom
Yredelemnul
Zin
The Shining One
Jiyva
Lugonu


Innate Abilities, Weirdness & Mutations

You are immune to sickness and miasma.
Your stone body is resilient. (AC +4)
You are immune to poison.
You resist negative energy. (rN+)
You are resistant to electric shocks. (rElec)
You are resistant to unholy torment.
You are immune to petrification.
Your flesh is heat resistant. (rF+)
Your natural rate of healing is unusually fast.
You are covered in fur. (AC +1)


Message History

The fire elemental hits you. The fire elemental burns you! You resist.
* * * LOW HITPOINT WARNING * * *
You block the fire elemental's attack. The fire elemental closely misses you.
The deep elf pyromancer barely misses you.
Unknown command.
Unknown command.
You hit the deep elf pyromancer.
The deep elf pyromancer is severely wounded.
The fire elemental hits you. The fire elemental burns you! You resist.
* * * LOW HITPOINT WARNING * * *
The fire elemental closely misses you. The fire elemental hits you.
The fire elemental burns you! You resist.
* * * LOW HITPOINT WARNING * * *
The deep elf pyromancer casts a spell.
The deep elf pyromancer blinks!
The fire elemental barely misses you. The fire elemental hits you.
The fire elemental burns you! You resist.
* * * LOW HITPOINT WARNING * * *
Unknown command.
Unknown command.
Blink to where?
Press: ? - help, Dir - move target
As you read the scroll of blinking, it crumbles to dust.
Okay, then.
It was a potion of brilliance.
You feel clever all of a sudden.
Unknown command.
It was a potion of flight.
You feel very buoyant.
You fly up into the air.
Okay, then.
The flow of time bends around you.
The deep elf pyromancer mumbles some strange words.
The deep elf pyromancer blinks!
The fire elemental hits you. The fire elemental burns you! You resist.
* * * LOW HITPOINT WARNING * * *
Unknown command.
You sock the fire elemental!
The fire elemental is moderately damaged.
The fire elemental hits you. The fire elemental burns you! You resist.
You die...

...#### ##.############
......#####..#__°#___#__#
...†...#..#..#!..#__)#)_#
#.##...#..#..###○#'###'##
#.###..##'#..#..°.......#
##.##..###...'.⌠°§..e...#
..##.†####...#..E######'#
..##..###....#.EE#__#...#
.##...##.....#..@#__#...#
##..†.#..)...#'###__#...#
##..##.#.....#)).#__#...+
#..#####....#___#__'...#
▓▓▓▓ ▓▓▓▓▓▓▓▓▓▓▓▓▓▓▓▓▓


You could see 3 fire elementals.

Vanquished Creatures
  A shadow (D)
  A spatial vortex (D)
  A necrophage (D)
  A water elemental (D)
  A jelly (D)
  Crazy Yiuf (D)
  A necromancer (D)
  A wizard (D)
  3 humans (D)
  A kobold demonologist (D)
  4 rats (D)
16 creatures vanquished.

Notes
Turn   | Place    | Note
-------+----------+-------------------------------------------
     0 | D        | Groucho the Gargoyle Fighter began the quest for the Orb.
     0 | D        | Reached XP level 1. HP: 14/14 MP: 1/1
    78 | D        | Reached XP level 2. HP: 20/20 MP: 2/2
   151 | D        | Noticed Crazy Yiuf
   158 | D        | Killed Crazy Yiuf
   159 | D        | Reached skill level 5 in Fighting
   159 | D        | Reached skill level 5 in Armour
   159 | D        | Reached skill level 5 in Shields
   159 | D        | Reached XP level 3. HP: 19/26 MP: 3/3
   185 | D        | Gained mutation: Your flesh is heat resistant. (rF+)
                  | [potion of mutation]
   185 | D        | Gained mutation: You are covered in fur. (AC +1) [potion of
                  | mutation]
   185 | D        | Gained mutation: Your natural rate of healing is unusually
                  | fast. [potion of mutation]
   206 | D        | Noticed a water elemental
   215 | D        | Killed a water elemental
   216 | D        | Reached XP level 4. HP: 23/32 MP: 3/5
   344 | D        | Found a hide-covered altar of Uskayaw.
   344 | D        | Found an iron altar of Okawaru.
   346 | D        | Found a bloodstained altar of Trog.
   346 | D        | Found an ornate altar of the Wu Jian Council.
   346 | D        | Noticed a human
   346 | D        | Noticed a human
   361 | D        | Killed a human
   362 | D        | Reached skill level 5 in Maces & Flails
   362 | D        | Reached XP level 5. HP: 16/38 MP: 5/8
   362 | D        | Reached XP level 6. HP: 18/44 MP: 5/9
   363 | D        | Killed a human
   364 | D        | Reached skill level 5 in Invocations
   866 | D        | Noticed a shadow
   874 | D        | Killed a shadow
   875 | D        | Reached XP level 7. HP: 44/50 MP: 11/11
   879 | D        | Found a blossoming altar of Fedhas.
   879 | D        | Found a stormy altar of Qazlal.
   880 | D        | Found a snail-covered altar of Cheibriados.
   880 | D        | Found a burning altar of Makhleb.
   880 | D        | Found a hazy altar of Hepliaklqana.
   880 | D        | Found a shimmering altar of Xom.
   880 | D        | Found an opulent altar of Gozag.
   880 | D        | Found a sparkling altar of Nemelex Xobeh.
   880 | D        | Found a corrupted altar of Lugonu.
   880 | D        | Found a viscous altar of Jiyva.
   880 | D        | Noticed a spatial vortex
   884 | D        | Became a worshipper of Cheibriados the Contemplative
   898 | D        | Killed a spatial vortex
  1047 | D        | Found a shadowy altar of Dithmenos.
  1060 | D        | Found a basalt altar of Yredelemnul.
  1060 | D        | Found a sacrificial altar of Ru.
  1068 | D        | Reached * piety under Cheibriados
  1088 | D        | Found a radiant altar of Vehumet.
  1089 | D        | Found a shimmering blue altar of Sif Muna.
  1089 | D        | Found an ancient bone altar of Kikubaaqudgha.
  1095 | D        | Reached ** piety under Cheibriados
  1109 | D        | Found a glowing silver altar of Zin.
  1110 | D        | Found a glowing golden altar of the Shining One.
  1110 | D        | Found a white marble altar of Elyvilon.
  1110 | D        | Noticed a deep elf pyromancer
  1112 | D        | Noticed a fire elemental
  1117 | D        | Noticed a fire elemental
  1117 | D        | Noticed a fire elemental
  1122 | D        | HP: 2/51 [fire elemental[a deep elf pyromancer] (2)]
  1127 | D        | Slain by a fire elemental

Illustrated notes

Levels and vault maps discovered:
D:        dungeon_sprint_mu [sprint_mu_entry_cave, sprint_mu_temple_rooms,
          sprint_mu_d1_horrors, sprint_mu_d2_genie, sprint_mu_d3_branching,
          sprint_mu_orc_legion, sprint_mu_elf_gauntlet, sprint_mu_hive_nellie,
          sprint_mu_lair_fedhas, sprint_mu_vaults_butterflies,
          sprint_mu_slime_circle, sprint_mu_swamp_cave, sprint_mu_snake_twists,
          sprint_mu_blade_basic, sprint_mu_crypt_chambers,
          sprint_mu_tomb_spiral, sprint_mu_vestibule_basic,
          sprint_mu_gehenna_hellfire, sprint_mu_dis_giant,
          sprint_mu_tartarus_statrot, sprint_mu_cocytus_islands, sprint_mu_zot1]

Skill      XL: |  1  2  3  4  5  6  7 |
---------------+----------------------+-----
Fighting       | 4 5 7 8 9 |  9.1
Maces & Flails | 3 4 5 7 8 |  8.0
Armour         | 4 5 7 8 9 |  9.1
Shields        | 4 5 7 8 9 |  9.1
Invocations    | 2 4 6 7 |  7.3

Action                   |  1- 3 |  4- 6 |  7- 9 || total
-------------------------+-------+-------+-------++-------
Melee: Flail             |    34 |    28 |    47 ||   109
Invok: Bend Time         |       |       |     1 ||     1
  Use: Potion            |     3 |     2 |     3 ||     8
       Scroll            |       |       |     1 ||     1
Armor: Scale mail        |     4 |    14 |    29 ||    47
Dodge: Dodged            |    15 |    14 |    23 ||    52
Block: Buckler           |     7 |    12 |     9 ||    28
